 Dungeon Crawl Stone Soup version 0.16-a0-2038-g968ce0a (webtiles) character file.

641 thegroundistoosoft the Insei (level 7, -8/52 HPs)
             Began as a Mummy Monk on Nov 10, 2014.
             Killed by triggering an arrow trap (11 damage)
             ... in an ossuary.
             The game lasted 00:28:34 (9514 turns).

thegroundistoosoft the Insei (Mummy Monk)           Turns: 9514, Time: 00:28:34

Health: -8/52      AC:  0    Str: 14    XL:     7   Next: 26%
Magic:  7/7        EV: 16    Int:  9    God:
Gold:   74         SH:  0    Dex: 19    Spells: 0 memorised, 6 levels left

rFire  x . .     SeeInvis .       - Unarmed
rCold  + . .     Clarity  .     (no armour)
rNeg   + + +     SustAb   .     (no shield)
rPois  +         Gourm    .     (no helmet)
rElec  .         Spirit   .     (no cloak)
rCorr  .         Warding  .     (no gloves)
rMut   .         Stasis   .     (no boots)
MR     .....                    (no amulet)
Stlth  ++........               j - +3 ring of dexterity
                                i - +2 ring of evasion

@: about to teleport, not resistant to hostile enchantments, unstealthy
A: no food or potions, fire vulnerability, restore body, cold resistance 1,
negative energy resistance 3, poison resistance, torment resistance, unbreathing
a: no special abilities


You were in an ossuary.
You were not hungry.

You visited 1 branch of the dungeon, and saw 5 of its levels.
You also visited: Ossuary.

You collected 74 gold pieces.


Innate Abilities, Weirdness & Mutations

You do not eat or drink.
Your flesh is vulnerable to fire.
Your flesh is cold resistant.
You are immune to negative energy.
Your system is resistant to poisons.
You are immune to unholy pain and torment.
You can survive without breathing.


   Skills:
 - Level 3.0 Fighting
 - Level 3.0 Dodging
 - Level 1.5 Stealth
 + Level 7.2 Unarmed Combat


You had 6 spell levels left.
You didn't know any spells.

Inventory:

Jewellery
 f - an uncursed ring of magical power
 i - a +2 ring of evasion (left hand)
 j - a +3 ring of dexterity (right hand)
Scrolls
 c - a scroll of recharging
 d - a scroll of immolation {!r}
 e - a scroll of teleportation
 g - 2 scrolls of identify
 h - 3 scrolls of remove curse {unknown}
 k - a scroll of magic mapping
Comestibles
 a - 4 fruits (quivered)
 b - a meat ration

Dungeon Overview and Level Annotations

Branches:
Dungeon (5/15)
 Temple: D:4-7

Altars:
Cheibriados
Zin

Annotations:
D:2 exclusion: 2 downstairs

#^^.#...'.^^^#...'
#.^^'...#...^'...#
##'###############
#...# # #...# #
#...# # #...# #
#'### # #@^.# #
#^..# # #Z..# #
#Z.^# # ##Z## #
#ZZ. # #.Z.# ###
##### #...#
#!!!?#...# #...+
+?((!#.∩.'


You could see an adder zombie, 2 water moccasin zombies and 2 orc zombies.


Message History

You barely miss the water moccasin zombie.
The water moccasin zombie misses you.
The water moccasin zombie barely misses you.
You barely miss the water moccasin zombie.
You punch the water moccasin zombie! The water moccasin zombie bites you.
The water moccasin zombie bites you.
* * * LOW HITPOINT WARNING * * *
A hobgoblin zombie comes into view.
You closely miss the water moccasin zombie.
The water moccasin zombie completely misses you.
You completely miss the water moccasin zombie.
The water moccasin zombie bites you.
* * * LOW HITPOINT WARNING * * *
Read which item? (? for menu, Esc to quit)
Okay, then.
Here: a water moccasin zombie An open door.
You barely miss the water moccasin zombie.
The water moccasin zombie closely misses you.
You punch the water moccasin zombie! The water moccasin zombie bites you!
* * * LOW HITPOINT WARNING * * *
Read which item? (? for menu, Esc to quit)
As you read the scroll of teleportation, it crumbles to dust.
You feel strangely unstable. The water moccasin zombie bites you.
* * * LOW HITPOINT WARNING * * *
A poisoned needle shoots out and misses you.
A poisoned needle misses the water moccasin zombie!
There is a needle trap here.
An arrow shoots out and hits you!
You die...

Action                   |  1- 3 |  4- 6 |  7- 9 || total
-------------------------+-------+-------+-------++-------
Melee: Unarmed           |   200 |   337 |    73 ||   610
  Use: Scroll            |     5 |     4 |     1 ||    10
 Stab: Sleeping          |     3 |     2 |     1 ||     6
       Distracted        |     2 |     1 |       ||     3

Vault maps used:
D:1:      sevenhm_arrival_forest_fort_small_3
D:3:      nicolae_overflow_hidden_temple, first_bread, uniq_natasha
D:4:      kennysheep_generic_room_16
D:5:      old_standard_altar, gup_ossuary_entry_pyramid, evilmike_ruin_ashenzari
Ossuary:  ossuary_tomb_2

Notes
Turn   | Place    | Note
--------------------------------------------------------------
     0 | D:1      | thegroundistoosoft, the Mummy Monk, began the quest for the Orb.
     0 | D:1      | Reached XP level 1. HP: 18/18 MP: 1/1
  1028 | D:1      | moscheto: surroundings so different :<
  1037 | D:1      | Reached XP level 2. HP: 24/24 MP: 2/2
  1366 | D:2      | thegroundistoosoft: greatsling
  1366 | D:2      | thegroundistoosoft: literalmente unha sling nun pau
  1532 | D:2      | moscheto: nun great pao de freixo
  1560 | D:2      | Reached skill level 4 in Unarmed Combat
  1691 | D:2      | thegroundistoosoft: falando de eso cando retomamos o bowyering
  1769 | D:2      | moscheto: por min cando sexa que haxa madeira
  2057 | D:2      | moscheto: e non haxa que ir cometer graves delitos contra propiedades inexistentes
  2057 | D:2      | Reached XP level 3. HP: 19/29 MP: 3/3
  2187 | D:2      | thegroundistoosoft: eso estaría ben
  2465 | D:2      | not even wearing armor
  2500 | D:2      | moscheto: pffffffffff
  2891 | D:3      | Noticed Natasha
  2892 | D:3      | HA HA HA
  2909 | D:2      | moscheto: Natasha pls
  2909 | D:2      | moscheto: go
  3008 | D:2      | DOOR #3
  3126 | D:2      | moscheto: D3 iron imp
  3264 | D:3      | Reached XP level 4. HP: 27/35 MP: 4/4
  3395 | D:3      | Found a snail-covered altar of Cheibriados.
  3396 | D:3      | Found a glowing silver altar of Zin.
  4193 | D:3      | moscheto: bb bby i go gl
  4423 | D:3      | Reached skill level 5 in Unarmed Combat
  4437 | D:3      | thanks
  4807 | D:4      | danke
  4922 | D:4      | Noticed a phantom
  4952 | D:4      | Reached XP level 5. HP: 26/41 MP: 5/5
  5095 | D:4      | Reached skill level 3 in Dodging
  5356 | D:3      | Killed Natasha
  6719 | D:4      | no
  7088 | D:4      | Reached XP level 6. HP: 25/47 MP: 6/6
  7320 | D:4      | Reached skill level 6 in Unarmed Combat
  8405 | D:5      | Entered Level 5 of the Dungeon
  8406 | D:5      | HOME
  8411 | D:5      | Found a sand-covered staircase.
  8689 | Ossuary  | Entered an ossuary
  9027 | Ossuary  | Reached XP level 7. HP: 39/52 MP: 7/7
  9201 | Ossuary  | Reached skill level 7 in Unarmed Combat
  9511 | Ossuary  | HP: 2/52 [water moccasin zombie (5)]
  9514 | Ossuary  | Killed by triggering an arrow trap

Vanquished Creatures
  3 water moccasin zombies (Ossuary)
  2 crimson imps
  An orc priest (D:4)
  2 orc wizards (D:4)
  Natasha (D:3)
  4 worker ants (D:4)
  9 adders
  5 adder zombies (Ossuary)
  3 giant geckos
  An ooze (D:2)
  13 orcs
  7 bats
  9 hobgoblins
  3 jackals (D:1)
  6 kobolds
  2 ball pythons
  6 giant cockroaches
  5 giant newts
  4 gnoll zombies (Ossuary)
  4 goblins
  6 hobgoblin zombies (Ossuary)
  4 kobold zombies (Ossuary)
  7 orc zombies (Ossuary)
  2 quokkas
  10 rats
  A rat skeleton (D:4)
120 creatures vanquished.

Vanquished Creatures (others)
  A hobgoblin zombie (Ossuary)
1 creature vanquished.

Grand Total: 121 creatures vanquished
